 Dungeon Crawl Stone Soup version 0.26-a0-774-g1415c89e12 (webtiles) character file.

Game seed: 10767903838804223196

21 Forecaster the Stinger (level 2, -2/22 HPs)
             Began as a Naga Venom Mage on Nov 9, 2020.
             Slain by an adder (5 damage)
             ... on level 2 of the Dungeon.
             The game lasted 00:02:33 (1130 turns).

Forecaster the Stinger (Naga Venom Mage)            Turns: 1130, Time: 00:02:34

Health: -2/22      AC:  2    Str: 10    XL:     2   Next: 87%
Magic:  3/5        EV: 10    Int: 15    God:
Gold:   111        SH:  0    Dex: 11    Spells: 2/5 levels left

rFire    . . .     SeeInvis +   k - +0 dagger
rCold    . . .     Faith    .   (no shield)
rNeg     . . .     Spirit   .   a - +0 robe
rPois    +         Reflect  .   (no helmet)
rElec    .         Harm     .   (no cloak)
rCorr    .         Rampage  .   (no gloves)
MR       .....     Rnd*Rage +   (no barding)
Stlth    ++........             (no amulet)
HPRegen  0.07/turn              (no ring)
MPRegen  0.09/turn              (no ring)

@: very slow
A: large, see invisible, berserk 1, deformed body, poison resistance, shaggy fur
1, slowness 2, spit poison 1, wild magic 1, AC +0
a: Spit Poison


You were on level 2 of the Dungeon.
You visited 1 branch of the dungeon, and saw 2 of its levels.

You collected 111 gold pieces.

Inventory:

Hand Weapons
 d - a +0 club
 k - a +0 dagger (weapon)
Armour
 a - a +0 robe (worn)
Jewellery
 b - an uncursed amulet of guardian spirit {unknown}
Scrolls
 c - 2 scrolls of magic mapping {unknown}
 e - a scroll of fog {unknown}
 f - a scroll of remove curse {unknown}
 i - a scroll of identify {unknown}
 j - a scroll of immolation {unknown}


   Skills:
 + Level 1.6 Dodging
 + Level 3.3 Stealth
 + Level 2.2 Spellcasting
 + Level 1.0 Transmutations
 + Level 0.1 Air Magic
 + Level 4.8 Poison Magic


You had 2 spell levels left.
You knew the following spells:

 Your Spells              Type           Power        Failure   Level
a - Sting                 Tmut/Pois      ##..         11%         1
b - Poisonous Vapours     Pois/Air       ##....       17%         2

Your spell library contained the following spells:

 Spells                   Type           Power        Failure   Level
 Ignite Poison            Fire/Tmut/Pois #.......     36%         3
 Olgreb's Toxic Radiance  Pois           ###.....     38%         4
 Mephitic Cloud           Conj/Pois/Air  #.......     41%         3


Dungeon Overview and Level Annotations

Branches:
Dungeon (2/15)

Altars:


Innate Abilities, Weirdness & Mutations

You cannot wear boots.
Your serpentine skin is tough. (AC +0)
You have supernaturally acute eyesight. (SInv)
Armour fits poorly on your strangely shaped body.
Your system is resistant to poisons. (rPois)
You cover ground very slowly.
You can spit poison.
You tend to lose your temper in combat.
You are covered in fur. (AC +1)
Your spells are a little harder to cast, but a little more powerful.


Message History

You feel less wooden.
Your +0 robe unmelds from your body.
An adder comes into view.
The adder hisses angrily.
You hear a shout!
You see here 12 gold pieces.
You now have 111 gold pieces (gained 12).
A kobold comes into view.
The adder bites you.
* * * LOW HITPOINT WARNING * * *
Casting: Poisonous Vapours (safe; 17% risk of failure)
Confirm with . or Enter, or press ? or * to list all spells.
Aiming: Poisonous Vapours (safe; 17% risk of failure)
Press: ? - help, Dir - move target cursor, f - adder
Aim: an adder Poisonous vapours surround the adder!
The adder is engulfed in poison gas.
The adder is poisoned.
The adder bites you but does no damage.
You closely miss the adder.
The adder is severely wounded.
The adder bites you.
You die...

#. ##...
#.##... #.....
#....##
..##<.# # .
#.K##..#.##.#
#..##.......#
##S.##.##....#
##@.#
#.#..##.#
#...###.#.## #
#...##....#
#...#...#.#
#.........#
##.....####
......#.#.#
..####....#
#..###


You could see an adder (poisoned) and a kobold.

Vanquished Creatures
  An adder (D:2)
  A dart slug (D:1)
  A giant cockroach (D:1)
  2 goblins (D:1)
  A hobgoblin (D:1)
  2 bats (D:1)
  A frilled lizard (D:1)
  A kobold (D:1)
  2 rats (D:1)
12 creatures vanquished.

Notes
Turn   | Place    | Note
-------+----------+-------------------------------------------
     0 | D:1      | Forecaster the Naga Venom Mage began the quest for the Orb.
     0 | D:1      | Reached XP level 1. HP: 15/15 MP: 3/3
   500 | D:1      | Reached XP level 2. HP: 22/22 MP: 1/5
   504 | D:1      | Learned a level 2 spell: Poisonous Vapours
  1065 | D:2      | Gained mutation: You tend to lose your temper in combat.
                  | [potion of mutation]
  1065 | D:2      | Gained mutation: You are covered in fur. (AC +1) [potion of
                  | mutation]
  1065 | D:2      | Gained mutation: Your spells are a little harder to cast,
                  | but a little more powerful. [potion of mutation]
  1130 | D:2      | Slain by an adder

Illustrated notes

Levels and vault maps discovered:
D:1:      onia_arrival_mini_spirals, layout_loops_ring
D:2:      layout_rooms, hangedman_decor_riveting, minivault_4,
          cheibriados_altar_1

Action                   || total
-------------------------++-------
Melee: Unarmed           ||     4
       Club              ||     7
       Dagger            ||    11
 Cast: Sting             ||     9
       Poisonous Vapours ||     8
  Use: Potion            ||     3
Armor: Robe              ||     7
Dodge: Dodged            ||    17

Table legend: (Time is in decaauts)
 A = Elapsed time spent in this place.
 B = Non-inter-level travel time spent in this place.
 C = Inter-level travel time spent in this place.
 D = Time resting spent in this place.
 E = Time spent auto-exploring this place.
 F = Levels seen in this place.
 G = Mean time per level.
                   A        B        C        D        E       F      G
               +--------+--------+--------+--------+--------+-----+--------+
         Total |   1315 |   1297 |     18 |     59 |   1069 |   2 |  657.5 |
       Dungeon |   1315 |   1297 |     18 |     59 |   1069 |   2 |  657.5 |
               +--------+--------+--------+--------+--------+-----+--------+

Top non-repeatable levels by time:
     D:1: 1212 daAuts
     D:2: 102 daAuts
